AoeStats
← Ustankim

Pilgrims

507686453Analyzed
4v4 RM · 13d ago on Sep 19, 2026· 32m 0s· 8 players
Game mode
Random Map
Map size
Large (8 player)
Population
200
Speed
Normal
Resources
Standard
Victory
Conquest
Starting age
Dark Age
Ending age
Imperial Age
RankedLock teamsTeams togetherTeam positionsShared explorationLock speedFull tech treeHidden civsTurbo modeCheats
Victory
Defeat
🇧🇷 Koreans · Brazil
1236
+17
🇯🇵 Britons · Japan
1234
+17
🇹🇼 Japanese · Taiwan
1216
+18
🇨🇳 Persians · China
1200
+19
🇮🇹 Persians · Italy
1346
-21
🇫🇷 Berbers · France
1266
-18
🇺🇸 Khmer · United States
1246
-17
🇩🇰 Britons · Denmark
1195
-15
BenjLike
9:27 Loom
11:38 Feudal Age
12:19 Double-Bit Axe
12:45 Fishing Lines
13:34 Fletching
17:23 Wheelbarrow
17:29 Stone Mining
17:30 Gold Mining
21:57 Castle Age
22:52 Medium Warships
22:38 Bodkin Arrow
22:35 Gillnets
22:55 Bow Saw
22:26 Horse Collar
24:08 Hand Cart
24:32 Ballistics
25:35 Treadmill Crane
25:51 Murder Holes
Shenk
3:22 Loom
10:17 Feudal Age
11:16 Double-Bit Axe
13:13 Town Watch
15:00 Horse Collar
19:58 Castle Age
18:44 Scale Barding Armor
19:01 Forging
20:38 Bloodlines
22:09 Iron Casting
30:32 Wheelbarrow
Ustankim
7:59 Loom
11:00 Feudal Age
19:34 Castle Age
OfFspRlNg
11:33 Feudal Age
12:05 Loom
13:29 Horse Collar
16:37 Castle Age
15:10 Double-Bit Axe
18:06 Husbandry
19:01 Bloodlines
20:23 Bloodlines
20:49 Bow Saw
21:08 Scale Barding Armor
22:17 Bloodlines
22:21 Forging
22:36 Heavy Plow
26:04 Chain Barding Armor
26:20 Iron Casting
1234567
13:37 Feudal Age
14:29 Loom
17:20 Castle Age
19:08 Wheelbarrow
29:05 Stone Mining
30:36 Fletching
32:08 Bodkin Arrow
axjhbl90
4:17 Loom
12:37 Feudal Age
13:54 Wheelbarrow
13:06 Double-Bit Axe
13:04 Fishing Lines
19:44 Castle Age
17:57 Gold Mining
19:49 Scale Barding Armor
19:55 Forging
19:58 Bloodlines
20:47 Hand Cart
21:07 Bow Saw
21:48 Gillnets
22:21 Chain Barding Armor
25:36 Iron Casting
27:48 Gold Shaft Mining
31:03 Imperial Age
31:58 Plate Barding Armor
32:23 Blast Furnace
30:53 Cavalier
Ting
6:57 Loom
11:58 Feudal Age
17:46 Castle Age
18:41 Medium Warships
18:36 Fletching
sada-aki
10:41 Loom
13:08 Feudal Age
13:57 Double-Bit Axe
17:23 Castle Age
15:38 Stone Mining
17:38 Gold Mining
18:53 Bow Saw
19:05 Treadmill Crane
21:21 Horse Collar
22:28 Fletching
22:39 Padded Archer Armor
26:58 Imperial Age
24:16 Crossbowman
24:58 Bodkin Arrow
25:20 Leather Archer Armor
25:32 Ballistics
26:56 Gold Shaft Mining
28:20 Yeomen
27:23 Arbalester
29:10 Chemistry
28:14 Bracer
30:52 Wheelbarrow
31:53 Siege Engineers
32:21 Ring Archer Armor
Connection lost

Rejoining the realm…

Still unreachable

The connection could not be restored.

Session expired

The server has moved on; the page needs a fresh start.